Map: Jagannatha LE

Players

Cham

  • Race: Zerg Zerg
  • League: Grandmaster
  • Spawn Location: 7:00

Dolan - Winner!

  • Race: Terran Terran
  • Spawn Location: 1:00

VOD

Have the link to the VOD?

Description

Time

  • Played on: Oct. 12, 2020, 7:24 p.m.
  • Length: 7:50
Show
View Real Time Build Order
Export as new Build Order

Cham Zerg 

Build Orders: Hatch First 

Get SALT Encoding   

  12  0:00  Drone  
  13  0:08  Drone  
  14  0:16  Overlord  
  14  0:35  Drone x2  
  16  0:48  Hatchery  
  15  0:51  Drone  
  17  0:57  Drone  
  17  0:59  Drone  
  18  1:14  Spawning Pool  
  18  1:16  Extractor  
  18  1:18  Drone  
  17  1:22  Drone  
  18  1:29  Drone  
  19  1:41  Drone  
  20  1:51  Overlord  
  21  2:01  Queen, Zergling x4  
  21  2:07  Spine Crawler  
  23  2:13  Zergling x2  
  20  2:29  Drone x2  
  22  2:43  Drone  
  23  2:45  Drone x2  
  23  2:50  Drone  
  25  2:58  Drone x2  
  27  3:09  Queen  
  27  3:11  Drone  
  30  3:16  Drone x2  
  32  3:20  Drone  
  32  3:22  Drone  
  32  3:25  Drone  
  35  3:29  Metabolic Boost  
  35  3:33  Overlord  
  35  3:36  Zergling x2  
  36  3:43  Spine Crawler  
  36  3:46  Zergling x2  
  36  3:52  Queen  
  36  3:55  Drone x2  
  40  3:58  Drone x2  
  40  4:00  Drone  
  43  4:04  Lair  
  43  4:08  Overlord  
  44  4:23  Overlord  
  44  4:26  Extractor  
  44  4:27  Drone  
  44  4:31  Hatchery  
  44  4:38  Drone  
  44  4:41  Overlord  
  44  4:43  Drone x5  
  44  4:44  Drone  
  50  4:49  Queen  
  52  4:54  Overlord  
  52  4:56  Extractor x2, Overlord  
  50  5:00  Drone  
  50  5:03  Drone  
  52  5:07  Spire  
  52  5:14  Drone x4  
  54  5:19  Overlord  
  55  5:23  Zergling x6  
  50  5:37  Drone x3  
  50  5:38  Drone  
  50  5:40  Drone  
  55  5:47  Drone  
  55  5:52  Drone  
  55  5:53  Drone x3  
  59  6:00  Drone  
  58  6:04  Drone  
  58  6:05  Drone x3  
  61  6:17  Overlord  
  61  6:19  Drone x4  
  61  6:20  Overlord  
  64  6:27  Mutalisk x3  
  64  6:32  Mutalisk  
  72  6:34  Mutalisk  
  72  6:36  Mutalisk  
  76  6:44  Mutalisk x2  
  76  6:46  Mutalisk  
  80  6:50  Mutalisk  
  84  6:56  Overlord  
  70  7:07  Mutalisk  
  70  7:11  Overlord  
  70  7:15  Zergling x2  
  69  7:19  Mutalisk  
  69  7:21  Zergling x4  
Show
View Real Time Build Order
Export as new Build Order

Dolan Terran - Winner!

Build Orders:  

Get SALT Encoding   

  12  0:00  SCV  
  13  0:12  SCV  
  14  0:18  Supply Depot  
  14  0:25  SCV  
  15  0:41  Barracks  
  15  0:53  Barracks  
  16  0:57  SCV  
  16  1:09  SCV  
  16  1:10  Refinery  
  17  1:22  SCV  
  18  1:30  Marine  
  19  1:35  Orbital Command  
  19  1:46  Supply Depot  
  19  1:49  Marine x2  
  19  1:53  Bunker  
  21  2:06  SCV  
  22  2:11  Marine x2  
  23  2:28  Marine  
  23  2:29  Marine  
  22  2:37  Factory  
  22  2:40  SCV  
  21  2:46  Marine x2  
  22  2:53  SCV  
  23  3:04  Marine x2  
  23  3:05  SCV  
  26  3:10  Command Center  
  26  3:13  Refinery  
  26  3:19  SCV  
  27  3:21  Factory Reactor  
  27  3:29  Starport  
  27  3:31  SCV  
  28  3:40  Supply Depot  
  28  3:50  SCV  
  29  3:59  Hellion  
  33  4:02  Hellion  
  33  4:03  SCV  
  33  4:06  Medivac  
  36  4:15  SCV  
  37  4:21  Hellion  
  37  4:24  Hellion  
  41  4:27  SCV  
  42  4:38  Fusion Core  
  42  4:42  Starport Tech Lab  
  42  4:43  Hellion  
  42  4:45  Hellion  
  46  4:47  Orbital Command  
  46  5:00  Supply Depot  
  46  5:04  Hellion  
  46  5:07  Hellion  
  50  5:08  SCV  
  50  5:13  SCV  
  52  5:37  Battlecruiser, Hellion x2  
  52  5:41  Armory  
  62  5:50  SCV x2  
  62  5:56  Supply Depot  
  62  5:57  Supply Depot  
  62  6:05  Weapon Refit  
  66  6:18  Hellion x2  
  66  6:26  SCV x2  
  66  6:30  Supply Depot  
  72  6:40  Hellion x2  
  82  7:01  Hellion x2  
  80  7:08  SCV  
  80  7:09  SCV  
  80  7:20  SCV  
  80  7:21  SCV  
  82  7:28  Hellion x2  
  86  7:33  SCV  
  86  7:36  SCV  
Tags
 
Matchup
TvZ
Player
ChamDolan
Spawn Locations
Cross Positions
Add a new tag
Caveats
  • Supply blocks, unpowered buildings, or Contaminate may cause inaccurate times.
  • Supply counts are checked every 10 seconds.